[ AOE2 MATCH · #495348965 ]
UnrankedKoreans vs Persians
Player's team · LOSS
Rival team · WIN
[ REPLAY ANALYSIS · EXTRACTED FROM THE RECORDED GAME ]
Feudal
11:58
Castle
15:40
Imperial
30:25
| APM avg | 42.8 |
| APM peak | 98 |
| eAPM avg | 20.5 |
| Villagers / military | 66 / 39 |
Focus
⚔️ 27.6% · 🌾 72.4%
Archer ×30 · War Wagon ×3 · Iron Pagoda ×2 · Trebuchet (Packed) ×2 · Monk ×1 · Battering Ram ×1
Feudal
8:34
Castle
18:52
Imperial
40:06
| APM avg | 44.4 |
| APM peak | 77 |
| eAPM avg | 23.6 |
| Villagers / military | 171 / 57 |
Focus
⚔️ 21.4% · 🌾 78.6%
Knight ×27 · Battering Ram ×15 · Mangonel ×8 · Monk ×6 · Spearman ×1
Match map
Initial resources + every placement click. Lines = walls · curves = elevation contours. ◆ gold · ⬟ stone · ● berries · ✦ relic · ◌ wall gap
Your base· ✓ Closed at 15:40 · 4t walls · 2 gate(s)
SUDOX's base· ✓ Closed at 18:52 · 0t walls · 3 gate(s)
Smoothed initial terrain · ◌ = detected wall gap · hover for details
Inputs per minute
— flxpa21 - - SUDOX
Build order — flxpa21
First 150 of 184 actions detected
| 0:02 | Queue | Villager (Male) ×4 |
| 0:02 | Build | House |
| 0:04 | Build | House |
| 1:29 | Queue | Villager (Male) |
| 1:49 | Build | Lumber Camp |
| 2:00 | Queue | Villager (Male) |
| 2:20 | Queue | Villager (Male) |
| 2:47 | Queue | Villager (Male) |
| 3:01 | Queue | Villager (Male) |
| 3:29 | Build | House |
| 3:37 | Queue | Villager (Male) |
| 3:58 | Build | Mill |
| 4:22 | Queue | Villager (Male) |
| 4:48 | Queue | Villager (Male) |
| 5:05 | Queue | Villager (Male) |
| 5:19 | Queue | Villager (Male) |
| 5:43 | Queue | Villager (Male) |
| 5:44 | Queue | Villager (Male) |
| 5:45 | Queue | Villager (Male) |
| 6:10 | Queue | Villager (Male) |
| 6:25 | Build | House |
| 6:40 | Build | House |
| 7:15 | Queue | Villager (Male) |
| 7:38 | Build | Mining Camp |
| 8:02 | Queue | Villager (Male) |
| 8:02 | Queue | Villager (Male) |
| 8:37 | Queue | Villager (Male) |
| 9:04 | Research | Feudal Age |
| 9:21 | Research | Loom |
| 9:22 | Research | Feudal Age |
| 9:45 | Build | Barracks |
| 10:05 | Build | Mining Camp |
| 11:06 | Build | House |
| 11:07 | Build | Palisade Wall |
| 11:32 | Queue | Villager (Male) |
| 11:32 | Queue | Villager (Male) |
| 11:58 | Age | Feudal Age |
| 12:02 | Build | Archery Range |
| 12:20 | Build | Market |
| 12:38 | Build | Blacksmith |
| 12:42 | Build | Palisade Wall |
| 12:55 | Build | Watch Tower |
| 13:00 | Research | Castle Age |
| 13:22 | Build | Farm |
| 13:24 | Build | Farm |
| 13:33 | Build | Farm |
| 13:47 | Build | Farm |
| 15:28 | Queue | Villager (Male) |
| 15:40 | Age | Castle Age |
| 15:45 | Build | Siege Workshop |
| 15:52 | Build | Farm |
| 15:56 | Queue | Villager (Male) |
| 16:09 | Queue | Iron Pagoda |
| 16:44 | Queue | Villager (Male) |
| 16:45 | Queue | Villager (Male) |
| 17:03 | Queue | Battering Ram |
| 17:13 | Build | House |
| 18:05 | Queue | Villager (Male) |
| 18:23 | Queue | Villager (Male) |
| 18:33 | Queue | Villager (Male) |
| 18:37 | Build | Farm |
| 18:38 | Build | Farm |
| 18:47 | Build | Castle |
| 18:50 | Build | Palisade Wall |
| 18:56 | Build | House |
| 18:58 | Build | House |
| 19:00 | Build | House |
| 19:03 | Build | Palisade Wall |
| 19:05 | Build | Palisade Wall |
| 19:46 | Queue | Villager (Male) |
| 19:46 | Queue | Villager (Male) |
| 20:05 | Queue | Villager (Male) |
| 20:09 | Build | Farm |
| 20:17 | Queue | Villager (Male) |
| 20:18 | Queue | Villager (Male) |
| 20:31 | Queue | Villager (Male) |
| 20:36 | Build | Stone Wall |
| 20:39 | Build | Stone Wall |
| 20:54 | Research | Double-Bit Axe |
| 21:22 | Build | Mining Camp |
| 21:31 | Queue | Villager (Male) |
| 21:43 | Queue | Villager (Male) |
| 22:12 | Build | Outpost |
| 22:20 | Queue | Villager (Male) |
| 22:51 | Queue | Villager (Male) |
| 22:59 | Queue | Villager (Male) |
| 23:10 | Queue | Villager (Male) |
| 23:39 | Build | Monastery |
| 23:47 | Queue | Villager (Male) |
| 24:05 | Queue | War Wagon |
| 24:07 | Queue | Villager (Male) |
| 24:12 | Queue | Monk |
| 24:28 | Build | Watch Tower |
| 24:36 | Build | Watch Tower |
| 25:26 | Build | Watch Tower |
| 25:31 | Queue | Villager (Male) |
| 25:34 | Build | Farm |
| 25:35 | Build | Farm |
| 25:35 | Build | Farm |
| 25:46 | Queue | War Wagon |
| 25:47 | Queue | War Wagon |
| 25:47 | Queue | Villager (Male) |
| 26:00 | Build | Watch Tower |
| 26:13 | Build | Watch Tower |
| 26:37 | Build | Farm |
| 26:37 | Build | Farm |
| 26:37 | Build | Farm |
| 26:38 | Build | Farm |
| 27:15 | Research | Imperial Age |
| 27:54 | Research | Bow Saw |
| 27:58 | Research | Fletching |
| 28:19 | Research | Bow Saw |
| 28:22 | Build | Lumber Camp |
| 28:34 | Research | Bodkin Arrow |
| 28:48 | Build | Siege Workshop |
| 30:03 | Build | Siege Workshop |
| 30:06 | Queue | Villager (Male) |
| 30:09 | Research | Horse Collar |
| 30:11 | Build | Farm |
| 30:12 | Research | Bow Saw |
| 30:25 | Age | Imperial Age |
| 30:29 | Queue | Trebuchet (Packed) |
| 30:42 | Build | Watch Tower |
| 30:52 | Research | Bracer |
| 31:10 | Queue | Villager (Male) |
| 31:13 | Build | Farm |
| 31:42 | Build | Watch Tower |
| 31:56 | Build | Watch Tower |
| 32:02 | Queue | Villager (Male) |
| 32:02 | Queue | Villager (Male) |
| 32:05 | Build | Farm |
| 32:06 | Build | Farm |
| 32:07 | Queue | Villager (Male) |
| 32:09 | Research | Heavy Plow |
| 32:16 | Research | Gold Mining |
| 32:20 | Build | Farm |
| 32:34 | Build | Archery Range |
| 32:43 | Build | Watch Tower |
| 32:46 | Queue | Iron Pagoda |
| 32:48 | Queue | Villager (Male) |
| 32:51 | Build | Farm |
| 32:52 | Build | Farm |
| 33:22 | Build | Archery Range |
| 33:56 | Build | Watch Tower |
| 34:27 | Build | Watch Tower |
| 34:33 | Queue | Trebuchet (Packed) |
| 34:43 | Queue | Archer |
| 34:44 | Queue | Archer |
| 34:46 | Queue | Villager (Male) |
| 34:47 | Queue | Villager (Male) |
Build order — SUDOX
First 150 of 417 actions detected
| 0:02 | Build | House |
| 0:03 | Build | House |
| 0:08 | Queue | Villager (Male) |
| 0:09 | Queue | Villager (Male) |
| 0:09 | Queue | Villager (Male) |
| 0:10 | Queue | Villager (Male) |
| 0:16 | Queue | Villager (Male) |
| 1:29 | Queue | Villager (Male) |
| 1:29 | Queue | Villager (Male) |
| 1:59 | Queue | Villager (Male) |
| 1:59 | Queue | Villager (Male) |
| 2:11 | Build | Lumber Camp |
| 2:27 | Queue | Villager (Male) |
| 2:27 | Queue | Villager (Male) |
| 3:22 | Build | House |
| 3:31 | Queue | Villager (Male) |
| 3:31 | Queue | Villager (Male) |
| 3:39 | Queue | Villager (Male) |
| 3:40 | Queue | Villager (Male) |
| 4:10 | Queue | Villager (Male) |
| 4:11 | Queue | Villager (Male) |
| 4:32 | Queue | Villager (Male) |
| 4:35 | Build | Mill |
| 4:38 | Queue | Villager (Male) |
| 4:38 | Queue | Villager (Male) |
| 5:45 | Queue | Villager (Male) |
| 5:45 | Queue | Villager (Male) |
| 6:30 | Research | Feudal Age |
| 6:40 | Build | Mining Camp |
| 7:33 | Build | House |
| 7:34 | Build | House |
| 8:34 | Age | Feudal Age |
| 8:36 | Queue | Villager (Male) |
| 8:40 | Build | Watch Tower |
| 8:41 | Research | Double-Bit Axe |
| 8:56 | Queue | Villager (Male) |
| 8:57 | Queue | Villager (Male) |
| 8:59 | Queue | Villager (Male) |
| 9:32 | Queue | Villager (Male) |
| 9:32 | Queue | Villager (Male) |
| 9:51 | Queue | Villager (Male) |
| 10:00 | Research | Horse Collar |
| 10:13 | Build | Watch Tower |
| 10:19 | Queue | Villager (Male) |
| 10:19 | Queue | Villager (Male) |
| 10:54 | Queue | Villager (Male) |
| 10:59 | Build | Farm |
| 11:09 | Queue | Villager (Male) |
| 11:22 | Build | Farm |
| 11:33 | Build | Farm |
| 11:33 | Build | Farm |
| 11:33 | Build | Farm |
| 11:34 | Build | Farm |
| 11:34 | Build | Farm |
| 11:34 | Build | Farm |
| 11:35 | Build | Farm |
| 11:36 | Queue | Villager (Male) |
| 11:54 | Build | Watch Tower |
| 12:03 | Research | Loom |
| 12:05 | Queue | Villager (Male) |
| 12:25 | Queue | Villager (Male) |
| 12:33 | Queue | Villager (Male) |
| 12:52 | Build | House |
| 12:55 | Build | Mining Camp |
| 13:22 | Queue | Villager (Male) |
| 13:48 | Queue | Villager (Male) |
| 13:48 | Queue | Villager (Male) |
| 14:03 | Build | House |
| 14:04 | Queue | Villager (Male) |
| 14:23 | Build | Market |
| 14:38 | Queue | Villager (Male) |
| 14:44 | Build | Watch Tower |
| 14:56 | Queue | Villager (Male) |
| 15:04 | Build | Outpost |
| 15:12 | Build | Blacksmith |
| 16:27 | Research | Castle Age |
| 17:28 | Build | Barracks |
| 18:31 | Build | Outpost |
| 18:47 | Build | Outpost |
| 18:52 | Age | Castle Age |
| 19:07 | Build | Watch Tower |
| 19:13 | Queue | Villager (Male) |
| 19:16 | Build | House |
| 19:37 | Queue | Villager (Male) |
| 20:07 | Queue | Villager (Male) |
| 20:15 | Queue | Villager (Male) |
| 20:19 | Build | Monastery |
| 20:47 | Build | Town Center |
| 20:50 | Queue | Villager (Male) |
| 20:52 | Build | Farm |
| 20:53 | Build | Farm |
| 20:55 | Research | Bow Saw |
| 20:56 | Research | Bow Saw |
| 21:09 | Queue | Monk |
| 21:10 | Queue | Monk |
| 21:11 | Build | House |
| 21:17 | Queue | Villager (Male) |
| 21:21 | Build | Lumber Camp |
| 21:42 | Build | Town Center |
| 21:47 | Queue | Spearman |
| 21:51 | Queue | Villager (Male) |
| 22:00 | Queue | Monk |
| 22:10 | Queue | Villager (Male) |
| 22:11 | Queue | Villager (Male) |
| 22:18 | Build | Mill |
| 22:19 | Queue | Villager (Male) |
| 22:26 | Queue | Monk |
| 22:27 | Queue | Villager (Male) |
| 22:28 | Queue | Villager (Male) |
| 22:29 | Build | Farm |
| 22:37 | Queue | Villager (Male) |
| 22:40 | Build | Farm |
| 22:48 | Queue | Villager (Male) |
| 22:49 | Queue | Villager (Male) |
| 22:52 | Build | Farm |
| 23:05 | Queue | Villager (Male) |
| 23:11 | Build | Siege Workshop |
| 23:15 | Queue | Villager (Male) |
| 23:18 | Queue | Villager (Male) |
| 23:25 | Queue | Monk |
| 23:28 | Queue | Villager (Male) |
| 23:33 | Queue | Villager (Male) |
| 23:37 | Build | House |
| 23:43 | Build | House |
| 23:49 | Queue | Villager (Male) |
| 23:54 | Queue | Villager (Male) |
| 23:56 | Queue | Mangonel |
| 23:57 | Queue | Villager (Male) |
| 24:09 | Queue | Villager (Male) |
| 24:15 | Queue | Villager (Male) |
| 24:16 | Queue | Villager (Male) |
| 24:24 | Queue | Mangonel |
| 24:24 | Queue | Mangonel |
| 24:25 | Build | House |
| 24:26 | Queue | Villager (Male) |
| 24:48 | Build | House |
| 24:49 | Queue | Villager (Male) |
| 25:23 | Queue | Villager (Male) |
| 25:25 | Queue | Villager (Male) |
| 25:25 | Queue | Villager (Male) |
| 25:37 | Build | Town Center |
| 25:39 | Build | Farm |
| 25:40 | Build | Farm |
| 25:40 | Build | Farm |
| 25:40 | Build | Farm |
| 25:41 | Build | Farm |
| 25:41 | Build | Farm |
| 25:49 | Queue | Villager (Male) |
| 25:51 | Build | Farm |
| 25:51 | Queue | Villager (Male) |
Match timeline
| 8:34 | SUDOX · age_up feudal |
| 9:45 | flxpa21 · first_building Barracks |
| 11:07 | flxpa21 · wall_segment Palisade Wall x1 |
| 11:58 | flxpa21 · age_up feudal |
| 12:02 | flxpa21 · first_building Archery Range |
| 12:42 | flxpa21 · wall_segment Palisade Wall x3 |
| 15:40 | flxpa21 · age_up castle |
| 15:45 | flxpa21 · first_building Siege Workshop |
| 16:05 | SUDOX · first_market_buy 100 food |
| 17:28 | SUDOX · first_building Barracks |
| 18:47 | flxpa21 · first_building Castle |
| 18:50 | flxpa21 · wall_segment Palisade Wall x1 |
| 18:52 | SUDOX · age_up castle |
| 19:03 | flxpa21 · wall_segment Palisade Wall x1 |
| 19:05 | flxpa21 · wall_segment Palisade Wall x1 |
| 20:19 | SUDOX · first_building Monastery |
| 20:36 | flxpa21 · wall_segment Stone Wall x1 |
| 20:39 | flxpa21 · wall_segment Stone Wall x1 |
| 22:58 | SUDOX · first_market_sell 100 food |
| 23:11 | SUDOX · first_building Siege Workshop |
| 23:39 | flxpa21 · first_building Monastery |
| 26:22 | flxpa21 · first_market_buy 100 food |
| 27:08 | flxpa21 · first_market_sell 100 wood |
| 30:25 | flxpa21 · age_up imperial |
| 30:36 | SUDOX · first_building Stable |
| 35:15 | SUDOX · first_building Castle |
| 39:04 | flxpa21 · wall_segment Palisade Wall x1 |
| 40:06 | SUDOX · age_up imperial |
| 42:39 | flxpa21 · resign |
[ AI ANALYSIS · 1 CREDIT ]
What really happened in this match?
Wolo.gg analyzes every decision: build order, eco, micro, common mistakes by bracket. Personalized analysis on WhatsApp or Discord in 30 seconds.
Civ guide
Koreans
Perfil
Jugador #23543003